 Dungeon Crawl Stone Soup version 0.30.0-21-gd299b56b3f (webtiles) character file.

Game seed: 18017861893735854638

51536 qw the Severer (level 14, 0/90 HPs)
             Began as a Gargoyle Fighter on June 2, 2023.
             Was an Elder of Okawaru.
             Slain by Jorgrun
             ... wielding a +0 heavy quarterstaff
              (17 damage)
             ... on level 13 of the Dungeon.
             The game lasted 00:12:06 (18416 turns).

qw the Severer (Gargoyle Fighter)                  Turns: 18416, Time: 00:12:07

Health: 0/90       AC: 39    Str: 29    XL:     14   Next: 60%
Magic:  20/21      EV: 12    Int: 11    God:    Okawaru [****..]
Gold:   1177       SH: 13    Dex: 12    Spells: 13/13 levels left

rFire   . . .        Y - +3 broad axe
rCold   + . .        r - +0 kite shield
rNeg    + . .        a - +6 chain mail "Kaamik" {Dex+3}
rPois   inf          m - +2 helmet
rElec   +            (no cloak)
rCorr   .            l - +1 pair of gloves
SInv    .            p - +2 pair of boots
Will    ++...        (no amulet) Stlth
                     i - +6 ring of strength
HPRegen 0.35/turn    u - ring of protection from cold
MPRegen 0.17/turn

%: clarity
@: about to teleport, heroic, flying
A: sickness immunity, AC +10, big wings, negative energy resistance 1,
electricity resistance, torment resistance 1, petrification resistance, clarity,
strong-willed 1, MP-powered wands, noise suppression
a: Renounce Religion, Heroism, Finesse


You were on level 13 of the Dungeon.
You worshipped Okawaru.
Okawaru was greatly pleased with you.
You visited 3 branches of the dungeon, and saw 19 of its levels.

You collected 1233 gold pieces.
You spent 56 gold pieces at shops.


Innate Abilities, Weirdness & Mutations

You are immune to sickness and miasma.
Your stone body is resilient. (AC +10)
You are immune to poison.
Your large and strong wings let you fly.
You resist negative energy. (rN+)
You are resistant to electric shocks. (rElec)
You are resistant to unholy torment.
You are immune to petrification.
You possess an exceptional clarity of mind.
You are strong-willed. (Will+)
You expend magic power (3 MP) to strengthen your wands.
You passively dampen the noise of your surroundings.


   Skills:
 + Level 11.3(16.3) Fighting
 - Level 15.0(20.0) Axes
 - Level 5.0(10.0) Throwing
 - Level 9.0(14.0) Armour
 - Level 3.0(8.0) Dodging
 - Level 12.0(17.0) Shields
 - Level 10.1 Invocations


You had 13 spell levels left.
You didn't know any spells.
Your spell library was empty.

Inventory:

Hand Weapons
 n - the +3 war axe of Bespelling Woe {flame, Will+}
   (You found it on level 4 of the Dungeon)

   Will:      It increases your willpower.
 Y - a +3 broad axe (weapon)
Missiles
 o - a javelin (quivered)
Armour
 a - the +6 chain mail "Kaamik" (worn) {Dex+3}
   (You took it off a hobgoblin on level 2 of the Dungeon)

   Dex:       It affects your dexterity (+3).
 e - the +7 Kryia's mail coat {PotionHeal*2 rC+}
   (You found it on level 5 of the Dungeon)

   PotionHeal*2: Potions heal its wearer twice as much.
   rC:        It protects you from cold.
 l - a +1 pair of gloves (worn)
 m - a +2 helmet (worn)
 p - a +2 pair of boots (worn)
 r - a +0 kite shield (worn)
Jewellery
 i - a +6 ring of strength (left hand)
 t - a ring of willpower
 u - a ring of protection from cold (right hand)
Wands
 v - a wand of digging (10)
Scrolls
 g - 8 scrolls of identify
 j - 4 scrolls of teleportation
Potions
 b - 2 potions of cancellation
 c - 5 potions of haste
 d - a potion of might
 f - a potion of heal wounds
 h - 3 potions of mutation
 k - 7 potions of curing
 q - 3 potions of resistance
 s - 2 potions of attraction
 w - a potion of lignification

Dungeon Overview and Level Annotations

Branches:
Dungeon (13/15)            Temple (1/1) D:6            Lair (5/5) D:10
 Shoals (0/4) Lair:2       Spider (0/4) Lair:2        Slime (0/5) Lair:5
    Orc (0/2) D:11
 Vaults: D:13-14

Altars:
Ashenzari
Cheibriados
Dithmenos
Elyvilon
Fedhas
Gozag
Hepliaklqana
Kikubaaqudgha
Makhleb
Nemelex Xobeh
Okawaru
Qazlal
Ru
Sif Muna
Uskayaw
Vehumet
Wu Jian
Xom
Yredelemnul
Zin
The Shining One

Shops:
D:6 [   D:8 (

Annotations:
D:1 1 runed translucent door
D:4 1 runed translucent door, Crazy Yiuf
D:6 1 runed translucent door, qw's ghost, novice GrFi
D:13 Jorgrun; Rupert
Lair:5 2 runed translucent doors


Message History

Something barely misses you.
The centaur warrior hits you but does no damage.
The centaur warrior kicks you but does no damage.
Rupert closely misses you.
You slice Rupert!!
Rupert is moderately wounded.
You hit the centaur warrior. Something hits you.
Deactivating autopickup; reactivate with Ctrl-A.
The boulder beetle curls into a ball and begins rolling!
The centaur warrior misses you. You block the centaur warrior's attack.
You barely miss Rupert.
Rupert is moderately wounded.
You barely miss the centaur warrior. You hit something.
Something hits you but does no damage.
Rupert hits you with a +0 heavy battleaxe!!!
You block the centaur warrior's attack.
The centaur warrior kicks you but does no damage.
Jorgrun casts a spell next to you.
Some rock shatters into small pieces.
Found a robe.
You hit Rupert but do no damage.
Rupert is moderately wounded.
You slash the centaur warrior! The centaur warrior closely misses you.
The centaur warrior kicks you but does no damage.
You block Rupert's attack.
You slice Rupert!!
Rupert is heavily wounded.
You miss something. You closely miss Jorgrun. You slash the centaur warrior!
Something hits you but does no damage. The centaur warrior misses you.
You block the centaur warrior's attack.
Rupert hits you with a +0 heavy battleaxe!
18416 ||| READING 5 scrolls of teleportation.
As you read the scroll of teleportation, it crumbles to dust.
You feel strangely unstable. You block the centaur warrior's attack.
The centaur warrior kicks you but does no damage.
Jorgrun hits you with a +0 heavy quarterstaff!
You die...

.).<.....# ..#......# .
...####### #. ..?# #.
...# [. ...### #####.#
.....#### #... .#
...#....#####(###g###.0.
...####.......(.@@.B00..
...# ##..%....##c.##...
...# #..........## ...#
#.......#### ..##
#......$# .## #.......#
## #...>.### #####.# .#


You could see Rupert (berserk), Jorgrun, a boulder beetle (rolling) and a
centaur warrior.

Vanquished Creatures
  A fire dragon (D:11)
  4 hydras
  3 catoblepae
  A centaur warrior (D:11)
  A boulder beetle (D:11)
  3 two-headed ogres
  6 death yaks (Lair:3)
  2 skysharks
  A lindwurm (Lair:5)
  Pikel (D:6)
  A deep elf pyromancer (D:12)
  2 oklob plants
  2 manticores (D:11)
  2 cyclopes
  An ugly thing (D:11)
  A torpor snail (Lair:5)
  3 molten gargoyles (Lair:5)
  6 black mambas
  Maggie (D:8)
  12 cane toads
  9 rime drakes
  3 unseen horrors
  13 komodo dragons
  5 polar bears
  A troll (D:11)
  2 hornets
  Grinder (D:3)
  7 dream sheep
  8 blink frogs (Lair:3)
  A spriggan (shapeshifter) (D:12)
  9 slime creatures
  2 wraiths
  18 yaks
  2 vampires
  Eustachio (D:6)
  4 wyverns
  2 shadows
  7 basilisks
  A human (shapeshifter) (D:11)
  A yak (shapeshifter) (D:11)
  5 steam dragons
  13 vampire mosquitoes
  2 wargs (D:10)
  2 acid dragons (D:11)
  19 water moccasins
  5 hell hounds (Lair:5)
  3 black bears
  A sky beast (D:6)
  5 orc warriors
  4 ogres
  4 wolves (Lair:2)
  4 centaurs
  2 lemures (D:6)
  2 phantoms
  A kobold brigand (D:7)
  A gnoll sergeant (D:5)
  2 scorpions (D:5)
  9 bullfrogs
  4 wights (D:10)
  9 killer bees (D:9)
  8 howler monkeys
  An electric eel (Lair:3)
  6 lava snakes
  5 hounds
  8 orc priests
  3 jellies
  A sleepcap (D:3)
  Jessica (D:2)
  4 iguanas
  10 orc wizards
  12 gnolls
  11 adders
  A shadow imp (D:7)
  A worm (D:3)
  3 dart slugs
  31 orcs
  8 bats
  9 endoplasms
  4 giant cockroaches
  7 goblins
  3 hobgoblins
  3 jackals (D:1)
  12 kobolds
  6 quokkas
  5 ball pythons
  6 frilled lizards
  4 rats
421 creatures vanquished.

Vanquished Creatures (others)
  A human (D:6)
1 creature vanquished.

Grand Total: 422 creatures vanquished

Notes
Turn   | Place    | Note
-------+----------+-------------------------------------------
     0 | D:1      | qw the Gargoyle Fighter began the quest for the Orb.
     0 | D:1      | Reached XP level 1. HP: 14/14 MP: 1/1
     0 | D:1      | 0 ||| qw: Version: 0.2-a-102-gdf20003
     0 | D:1      | 0 ||| qw: Game counter: 855
     0 | D:1      | 0 ||| qw: Always use a shield: true
     0 | D:1      | 0 ||| qw: God list: Okawaru
     0 | D:1      | 0 ||| qw: Allow faded altars: false
     0 | D:1      | 0 ||| qw: Do Orc after D:15 true
     0 | D:1      | 0 ||| qw: Do second Lair branch before Depths: true
     0 | D:1      | 0 ||| qw: Lair rune preference: random
     0 | D:1      | 0 ||| qw: Plans: Normal, Zot:1-4, Slime:5, God:TSO, Crypt,
                  | Tomb, Pan, Hells, Abyss, Win
     0 | D:1      | 0 ||| PLANNING D:1-11
     0 | D:1      | Noticed a jelly
     1 | D:1      | Found a runed translucent door.
    32 | D:1      | 32 ||| Stepping ~*~*~tactically~*~*~ (stealth).
    36 | D:1      | 36 ||| Stepping ~*~*~tactically~*~*~ (hiding).
    42 | D:1      | Reached skill level 2 in Axes
   222 | D:1      | Reached XP level 2. HP: 15/19 MP: 2/2
   462 | D:1      | Found a faded altar of an unknown god.
   516 | D:1      | Reached skill level 3 in Axes
   518 | D:1      | 518 ||| DROPPING +0 club.
   532 | D:1      | Reached XP level 3. HP: 23/23 MP: 3/3
   544 | D:1      | 544 ||| Stepping ~*~*~tactically~*~*~ (stealth).
   648 | D:1      | 648 ||| DROPPING +1 whip of pain.
   878 | D:1      | 878 ||| READING scroll labelled QONWACS KUOPNI.
   879 | D:1      | 879 ||| READING 2 scrolls labelled DODUGH OJYQUMA.
   963 | D:2      | 963 ||| Stepping ~*~*~tactically~*~*~ (hiding).
  1080 | D:2      | Noticed Jessica
  1085 | D:2      | Killed Jessica
  1086 | D:2      | Reached skill level 4 in Axes
  1086 | D:2      | Reached XP level 4. HP: 28/28 MP: 4/4
  1166 | D:2      | You fall into a shaft and drop 1 floor!
  1191 | D:3      | Noticed Grinder
  1192 | D:3      | 1192 ||| Stepping ~*~*~tactically~*~*~ (stealth).
  1193 | D:3      | 1193 ||| Stepping ~*~*~tactically~*~*~ (stealth).
  1278 | D:3      | Found a broken altar of Ashenzari.
  1298 | D:3      | 1298 ||| Stepping ~*~*~tactically~*~*~ (stealth).
  1311 | D:3      | Reached XP level 5. HP: 32/32 MP: 5/5
  1312 | D:3      | 1312 ||| READING scroll labelled QUFAITW HEOWA.
  1313 | D:3      | 1313 ||| DROPPING +0 whip of draining.
  1314 | D:3      | 1314 ||| READING scroll labelled USHIACWUMUT.
  1317 | D:3      | 1317 ||| Stepping randomly (stuck).
  1318 | D:3      | 1318 ||| Stepping randomly (stuck).
  1319 | D:3      | 1319 ||| Stepping randomly (stuck).
  1320 | D:3      | 1320 ||| Stepping randomly (stuck).
  1321 | D:3      | 1321 ||| Stepping randomly (stuck).
  1322 | D:3      | 1322 ||| Stepping randomly (stuck).
  1323 | D:3      | 1323 ||| Stepping randomly (stuck).
  1324 | D:3      | 1324 ||| Stepping randomly (stuck).
  1325 | D:3      | 1325 ||| Stepping randomly (stuck).
  1326 | D:3      | 1326 ||| Stepping randomly (stuck).
  1327 | D:3      | 1327 ||| Stepping randomly (stuck).
  1328 | D:3      | 1328 ||| Stepping randomly (stuck).
  1329 | D:3      | 1329 ||| Stepping randomly (stuck).
  1330 | D:3      | 1330 ||| Stepping randomly (stuck).
  1331 | D:3      | 1331 ||| Stepping randomly (stuck).
  1332 | D:3      | 1332 ||| Stepping randomly (stuck).
  1333 | D:3      | 1333 ||| Stepping randomly (stuck).
  1334 | D:3      | 1334 ||| Stepping randomly (stuck).
  1335 | D:3      | 1335 ||| Stepping randomly (stuck).
  1336 | D:3      | 1336 ||| Stepping randomly (stuck).
  1337 | D:3      | 1337 ||| Stepping randomly (stuck).
  1338 | D:3      | 1338 ||| Stepping randomly (stuck).
  1339 | D:3      | 1339 ||| Stepping randomly (stuck).
  1340 | D:3      | 1340 ||| Stepping randomly (stuck).
  1341 | D:3      | 1341 ||| Stepping randomly (stuck).
  1342 | D:3      | 1342 ||| Stepping randomly (stuck).
  1343 | D:3      | 1343 ||| Stepping randomly (stuck).
  1344 | D:3      | 1344 ||| Stepping randomly (stuck).
  1345 | D:3      | 1345 ||| Stepping randomly (stuck).
  1346 | D:3      | 1346 ||| Stepping randomly (stuck).
  1347 | D:3      | 1347 ||| Stepping randomly (stuck).
  1348 | D:3      | 1348 ||| Stepping randomly (stuck).
  1349 | D:3      | 1349 ||| Stepping randomly (stuck).
  1350 | D:3      | 1350 ||| Stepping randomly (stuck).
  1351 | D:3      | 1351 ||| Stepping randomly (stuck).
  1352 | D:3      | 1352 ||| Stepping randomly (stuck).
  1353 | D:3      | 1353 ||| Stepping randomly (stuck).
  1354 | D:3      | 1354 ||| Stepping randomly (stuck).
  1355 | D:3      | 1355 ||| Stepping randomly (stuck).
  1356 | D:3      | 1356 ||| Stepping randomly (stuck).
  1357 | D:3      | 1357 ||| Stepping randomly (stuck).
  1358 | D:3      | 1358 ||| Stepping randomly (stuck).
  1359 | D:3      | 1359 ||| Stepping randomly (stuck).
  1360 | D:3      | 1360 ||| Stepping randomly (stuck).
  1361 | D:3      | 1361 ||| Stepping randomly (stuck).
  1362 | D:3      | 1362 ||| Stepping randomly (stuck).
  1363 | D:3      | 1363 ||| Stepping randomly (stuck).
  1364 | D:3      | 1364 ||| Stepping randomly (stuck).
  1365 | D:3      | 1365 ||| Stepping randomly (stuck).
  1366 | D:3      | 1366 ||| Stepping randomly (stuck).
  1367 | D:3      | 1367 ||| Stepping randomly (stuck).
  1368 | D:3      | 1368 ||| Stepping randomly (stuck).
  1369 | D:3      | 1369 ||| Stepping randomly (stuck).
  1370 | D:3      | 1370 ||| Stepping randomly (stuck).
  1371 | D:3      | 1371 ||| Stepping randomly (stuck).
  1372 | D:3      | 1372 ||| Stepping randomly (stuck).
  1373 | D:3      | 1373 ||| Stepping randomly (stuck).
  1374 | D:3      | 1374 ||| Stepping randomly (stuck).
  1375 | D:3      | 1375 ||| Stepping randomly (stuck).
  1376 | D:3      | 1376 ||| Stepping randomly (stuck).
  1377 | D:3      | 1377 ||| Stepping randomly (stuck).
  1378 | D:3      | 1378 ||| Stepping randomly (stuck).
  1379 | D:3      | 1379 ||| Stepping randomly (stuck).
  1380 | D:3      | 1380 ||| Stepping randomly (stuck).
  1381 | D:3      | 1381 ||| Stepping randomly (stuck).
  1382 | D:3      | 1382 ||| Stepping randomly (stuck).
  1383 | D:3      | 1383 ||| Stepping randomly (stuck).
  1384 | D:3      | 1384 ||| Stepping randomly (stuck).
  1385 | D:3      | 1385 ||| Stepping randomly (stuck).
  1386 | D:3      | 1386 ||| Stepping randomly (stuck).
  1387 | D:3      | 1387 ||| Stepping randomly (stuck).
  1388 | D:3      | 1388 ||| Stepping randomly (stuck).
  1389 | D:3      | 1389 ||| Stepping randomly (stuck).
  1390 | D:3      | 1390 ||| Stepping randomly (stuck).
  1391 | D:3      | 1391 ||| Stepping randomly (stuck).
  1392 | D:3      | 1392 ||| Stepping randomly (stuck).
  1393 | D:3      | 1393 ||| Stepping randomly (stuck).
  1394 | D:3      | 1394 ||| Stepping randomly (stuck).
  1395 | D:3      | 1395 ||| Stepping randomly (stuck).
  1396 | D:3      | 1396 ||| Stepping randomly (stuck).
  1397 | D:3      | 1397 ||| Stepping randomly (stuck).
  1398 | D:3      | 1398 ||| Stepping randomly (stuck).
  1399 | D:3      | 1399 ||| Stepping randomly (stuck).
  1400 | D:3      | 1400 ||| Stepping randomly (stuck).
  1401 | D:3      | 1401 ||| Stepping randomly (stuck).
  1402 | D:3      | 1402 ||| Stepping randomly (stuck).
  1403 | D:3      | 1403 ||| Stepping randomly (stuck).
  1404 | D:3      | 1404 ||| Stepping randomly (stuck).
  1405 | D:3      | 1405 ||| Stepping randomly (stuck).
  1406 | D:3      | 1406 ||| Stepping randomly (stuck).
  1407 | D:3      | 1407 ||| Stepping randomly (stuck).
  1408 | D:3      | 1408 ||| Stepping randomly (stuck).
  1409 | D:3      | 1409 ||| Stepping randomly (stuck).
  1410 | D:3      | 1410 ||| Stepping randomly (stuck).
  1411 | D:3      | 1411 ||| Stepping randomly (stuck).
  1412 | D:3      | 1412 ||| Stepping randomly (stuck).
  1413 | D:3      | 1413 ||| Stepping randomly (stuck).
  1414 | D:3      | 1414 ||| Stepping randomly (stuck).
  1415 | D:3      | 1415 ||| Stepping randomly (stuck).
  1416 | D:3      | 1416 ||| Stepping randomly (stuck).
  1417 | D:3      | 1417 ||| Stepping randomly (stuck).
  1418 | D:3      | 1418 ||| Stepping randomly (stuck).
  1419 | D:3      | 1419 ||| Stepping randomly (stuck).
  1420 | D:3      | 1420 ||| Stepping randomly (stuck).
  1421 | D:3      | 1421 ||| Stepping randomly (stuck).
  1422 | D:3      | 1422 ||| Stepping randomly (stuck).
  1423 | D:3      | 1423 ||| Stepping randomly (stuck).
  1424 | D:3      | 1424 ||| Stepping randomly (stuck).
  1425 | D:3      | 1425 ||| Stepping randomly (stuck).
  1426 | D:3      | 1426 ||| Stepping randomly (stuck).
  1427 | D:3      | 1427 ||| Stepping randomly (stuck).
  1428 | D:3      | 1428 ||| Stepping randomly (stuck).
  1429 | D:3      | 1429 ||| Stepping randomly (stuck).
  1430 | D:3      | 1430 ||| Stepping randomly (stuck).
  1431 | D:3      | 1431 ||| Stepping randomly (stuck).
  1432 | D:3      | 1432 ||| Stepping randomly (stuck).
  1433 | D:3      | 1433 ||| Stepping randomly (stuck).
  1434 | D:3      | 1434 ||| Stepping randomly (stuck).
  1435 | D:3      | 1435 ||| Stepping randomly (stuck).
  1436 | D:3      | 1436 ||| Stepping randomly (stuck).
  1437 | D:3      | 1437 ||| Stepping randomly (stuck).
  1438 | D:3      | 1438 ||| Stepping randomly (stuck).
  1439 | D:3      | 1439 ||| Stepping randomly (stuck).
  1440 | D:3      | 1440 ||| Stepping randomly (stuck).
  1441 | D:3      | 1441 ||| Stepping randomly (stuck).
  1442 | D:3      | 1442 ||| Stepping randomly (stuck).
  1443 | D:3      | 1443 ||| Stepping randomly (stuck).
  1444 | D:3      | 1444 ||| Stepping randomly (stuck).
  1445 | D:3      | 1445 ||| Stepping randomly (stuck).
  1446 | D:3      | 1446 ||| Stepping randomly (stuck).
  1447 | D:3      | 1447 ||| Stepping randomly (stuck).
  1448 | D:3      | 1448 ||| Stepping randomly (stuck).
  1449 | D:3      | 1449 ||| Stepping randomly (stuck).
  1450 | D:3      | 1450 ||| Stepping randomly (stuck).
  1451 | D:3      | 1451 ||| Stepping randomly (stuck).
  1452 | D:3      | 1452 ||| Stepping randomly (stuck).
  1453 | D:3      | 1453 ||| Stepping randomly (stuck).
  1454 | D:3      | 1454 ||| Stepping randomly (stuck).
  1455 | D:3      | 1455 ||| Stepping randomly (stuck).
  1456 | D:3      | 1456 ||| Stepping randomly (stuck).
  1457 | D:3      | 1457 ||| Stepping randomly (stuck).
  1458 | D:3      | 1458 ||| Stepping randomly (stuck).
  1459 | D:3      | 1459 ||| Stepping randomly (stuck).
  1460 | D:3      | 1460 ||| Stepping randomly (stuck).
  1461 | D:3      | 1461 ||| Stepping randomly (stuck).
  1462 | D:3      | 1462 ||| Stepping randomly (stuck).
  1463 | D:3      | 1463 ||| Stepping randomly (stuck).
  1464 | D:3      | 1464 ||| Stepping randomly (stuck).
  1465 | D:3      | 1465 ||| Stepping randomly (stuck).
  1466 | D:3      | 1466 ||| Stepping randomly (stuck).
  1467 | D:3      | 1467 ||| Stepping randomly (stuck).
  1468 | D:3      | 1468 ||| Stepping randomly (stuck).
  1469 | D:3      | 1469 ||| Stepping randomly (stuck).
  1470 | D:3      | 1470 ||| Stepping randomly (stuck).
  1471 | D:3      | 1471 ||| Stepping randomly (stuck).
  1472 | D:3      | 1472 ||| Stepping randomly (stuck).
  1473 | D:3      | 1473 ||| Stepping randomly (stuck).
  1474 | D:3      | 1474 ||| Stepping randomly (stuck).
  1475 | D:3      | 1475 ||| Stepping randomly (stuck).
  1476 | D:3      | 1476 ||| Stepping randomly (stuck).
  1477 | D:3      | 1477 ||| Stepping randomly (stuck).
  1478 | D:3      | 1478 ||| Stepping randomly (stuck).
  1479 | D:3      | 1479 ||| Stepping randomly (stuck).
  1480 | D:3      | 1480 ||| Stepping randomly (stuck).
  1481 | D:3      | 1481 ||| Stepping randomly (stuck).
  1482 | D:3      | 1482 ||| Stepping randomly (stuck).
  1483 | D:3      | 1483 ||| Stepping randomly (stuck).
  1484 | D:3      | 1484 ||| Stepping randomly (stuck).
  1485 | D:3      | 1485 ||| Stepping randomly (stuck).
  1486 | D:3      | 1486 ||| Stepping randomly (stuck).
  1487 | D:3      | 1487 ||| Stepping randomly (stuck).
  1488 | D:3      | 1488 ||| Stepping randomly (stuck).
  1489 | D:3      | 1489 ||| Stepping randomly (stuck).
  1490 | D:3      | 1490 ||| Stepping randomly (stuck).
  1491 | D:3      | 1491 ||| Stepping randomly (stuck).
  1492 | D:3      | 1492 ||| Stepping randomly (stuck).
  1493 | D:3      | 1493 ||| Stepping randomly (stuck).
  1494 | D:3      | 1494 ||| Stepping randomly (stuck).
  1495 | D:3      | 1495 ||| Stepping randomly (stuck).
  1496 | D:3      | 1496 ||| Stepping randomly (stuck).
  1497 | D:3      | 1497 ||| Stepping randomly (stuck).
  1498 | D:3      | 1498 ||| Stepping randomly (stuck).
  1499 | D:3      | 1499 ||| Stepping randomly (stuck).
  1500 | D:3      | 1500 ||| Stepping randomly (stuck).
  1501 | D:3      | 1501 ||| Stepping randomly (stuck).
  1502 | D:3      | 1502 ||| Stepping randomly (stuck).
  1503 | D:3      | 1503 ||| Stepping randomly (stuck).
  1504 | D:3      | 1504 ||| Stepping randomly (stuck).
  1505 | D:3      | 1505 ||| Stepping randomly (stuck).
  1506 | D:3      | 1506 ||| Stepping randomly (stuck).
  1507 | D:3      | 1507 ||| Stepping randomly (stuck).
  1508 | D:3      | 1508 ||| Stepping randomly (stuck).
  1509 | D:3      | 1509 ||| Stepping randomly (stuck).
  1510 | D:3      | 1510 ||| Stepping randomly (stuck).
  1511 | D:3      | 1511 ||| Stepping randomly (stuck).
  1512 | D:3      | 1512 ||| Stepping randomly (stuck).
  1513 | D:3      | 1513 ||| Stepping randomly (stuck).
  1514 | D:3      | 1514 ||| Stepping randomly (stuck).
  1515 | D:3      | 1515 ||| Stepping randomly (stuck).
  1516 | D:3      | 1516 ||| Stepping randomly (stuck).
  1517 | D:3      | 1517 ||| Stepping randomly (stuck).
  1518 | D:3      | 1518 ||| Stepping randomly (stuck).
  1519 | D:3      | 1519 ||| Stepping randomly (stuck).
  1520 | D:3      | 1520 ||| Stepping randomly (stuck).
  1521 | D:3      | 1521 ||| Stepping randomly (stuck).
  1522 | D:3      | 1522 ||| Stepping randomly (stuck).
  1523 | D:3      | 1523 ||| Stepping randomly (stuck).
  1524 | D:3      | 1524 ||| Stepping randomly (stuck).
  1525 | D:3      | 1525 ||| Stepping randomly (stuck).
  1526 | D:3      | 1526 ||| Stepping randomly (stuck).
  1527 | D:3      | 1527 ||| Stepping randomly (stuck).
  1528 | D:3      | 1528 ||| Stepping randomly (stuck).
  1529 | D:3      | 1529 ||| Stepping randomly (stuck).
  1530 | D:3      | 1530 ||| Stepping randomly (stuck).
  1531 | D:3      | 1531 ||| Stepping randomly (stuck).
  1532 | D:3      | 1532 ||| Stepping randomly (stuck).
  1533 | D:3      | 1533 ||| Stepping randomly (stuck).
  1534 | D:3      | 1534 ||| Stepping randomly (stuck).
  1535 | D:3      | 1535 ||| Stepping randomly (stuck).
  1536 | D:3      | 1536 ||| Stepping randomly (stuck).
  1537 | D:3      | 1537 ||| Stepping randomly (stuck).
  1538 | D:3      | 1538 ||| Stepping randomly (stuck).
  1539 | D:3      | 1539 ||| Stepping randomly (stuck).
  1540 | D:3      | 1540 ||| Stepping randomly (stuck).
  1541 | D:3      | 1541 ||| Stepping randomly (stuck).
  1542 | D:3      | 1542 ||| Stepping randomly (stuck).
  1543 | D:3      | 1543 ||| Stepping randomly (stuck).
  1544 | D:3      | 1544 ||| Stepping randomly (stuck).
  1545 | D:3      | 1545 ||| Stepping randomly (stuck).
  1546 | D:3      | 1546 ||| Stepping randomly (stuck).
  1547 | D:3      | 1547 ||| Stepping randomly (stuck).
  1548 | D:3      | 1548 ||| Stepping randomly (stuck).
  1549 | D:3      | 1549 ||| Stepping randomly (stuck).
  1550 | D:3      | 1550 ||| Stepping randomly (stuck).
  1551 | D:3      | 1551 ||| Stepping randomly (stuck).
  1552 | D:3      | 1552 ||| Stepping randomly (stuck).
  1553 | D:3      | 1553 ||| Stepping randomly (stuck).
  1554 | D:3      | 1554 ||| Stepping randomly (stuck).
  1555 | D:3      | 1555 ||| Stepping randomly (stuck).
  1556 | D:3      | 1556 ||| Stepping randomly (stuck).
  1557 | D:3      | 1557 ||| Stepping randomly (stuck).
  1558 | D:3      | 1558 ||| Stepping randomly (stuck).
  1559 | D:3      | 1559 ||| Stepping randomly (stuck).
  1560 | D:3      | 1560 ||| Stepping randomly (stuck).
  1561 | D:3      | 1561 ||| Stepping randomly (stuck).
  1562 | D:3      | 1562 ||| Stepping randomly (stuck).
  1563 | D:3      | 1563 ||| Stepping randomly (stuck).
  1564 | D:3      | 1564 ||| Stepping randomly (stuck).
  1565 | D:3      | 1565 ||| Stepping randomly (stuck).
  1566 | D:3      | 1566 ||| Stepping randomly (stuck).
  1567 | D:3      | 1567 ||| Stepping randomly (stuck).
  1568 | D:3      | 1568 ||| Stepping randomly (stuck).
  1569 | D:3      | 1569 ||| Stepping randomly (stuck).
  1570 | D:3      | 1570 ||| Stepping randomly (stuck).
  1571 | D:3      | 1571 ||| Stepping randomly (stuck).
  1572 | D:3      | 1572 ||| Stepping randomly (stuck).
  1573 | D:3      | 1573 ||| Stepping randomly (stuck).
  1574 | D:3      | 1574 ||| Stepping randomly (stuck).
  1575 | D:3      | 1575 ||| Stepping randomly (stuck).
  1576 | D:3      | 1576 ||| Stepping randomly (stuck).
  1577 | D:3      | 1577 ||| Stepping randomly (stuck).
  1578 | D:3      | 1578 ||| Stepping randomly (stuck).
  1579 | D:3      | 1579 ||| Stepping randomly (stuck).
  1580 | D:3      | 1580 ||| Stepping randomly (stuck).
  1581 | D:3      | 1581 ||| Stepping randomly (stuck).
  1582 | D:3      | 1582 ||| Stepping randomly (stuck).
  1583 | D:3      | 1583 ||| Stepping randomly (stuck).
  1584 | D:3      | 1584 ||| Stepping randomly (stuck).
  1585 | D:3      | 1585 ||| Stepping randomly (stuck).
  1586 | D:3      | 1586 ||| Stepping randomly (stuck).
  1587 | D:3      | 1587 ||| Stepping randomly (stuck).
  1588 | D:3      | 1588 ||| Stepping randomly (stuck).
  1589 | D:3      | 1589 ||| Stepping randomly (stuck).
  1590 | D:3      | 1590 ||| Stepping randomly (stuck).
  1591 | D:3      | 1591 ||| Stepping randomly (stuck).
  1592 | D:3      | 1592 ||| Stepping randomly (stuck).
  1593 | D:3      | 1593 ||| Stepping randomly (stuck).
  1594 | D:3      | 1594 ||| Stepping randomly (stuck).
  1595 | D:3      | 1595 ||| Stepping randomly (stuck).
  1596 | D:3      | 1596 ||| Stepping randomly (stuck).
  1597 | D:3      | 1597 ||| Stepping randomly (stuck).
  1598 | D:3      | 1598 ||| Stepping randomly (stuck).
  1599 | D:3      | 1599 ||| Stepping randomly (stuck).
  1600 | D:3      | 1600 ||| Stepping randomly (stuck).
  1601 | D:3      | 1601 ||| Stepping randomly (stuck).
  1602 | D:3      | 1602 ||| Stepping randomly (stuck).
  1603 | D:3      | 1603 ||| Stepping randomly (stuck).
  1604 | D:3      | 1604 ||| Stepping randomly (stuck).
  1605 | D:3      | 1605 ||| Stepping randomly (stuck).
  1606 | D:3      | 1606 ||| Stepping randomly (stuck).
  1607 | D:3      | 1607 ||| Stepping randomly (stuck).
  1608 | D:3      | 1608 ||| Stepping randomly (stuck).
  1609 | D:3      | 1609 ||| Stepping randomly (stuck).
  1610 | D:3      | 1610 ||| Stepping randomly (stuck).
  1611 | D:3      | 1611 ||| Stepping randomly (stuck).
  1612 | D:3      | 1612 ||| Stepping randomly (stuck).
  1613 | D:3      | 1613 ||| Stepping randomly (stuck).
  1614 | D:3      | 1614 ||| Stepping randomly (stuck).
  1615 | D:3      | 1615 ||| Stepping randomly (stuck).
  1616 | D:3      | 1616 ||| Stepping randomly (stuck).
  1617 | D:3      | 1617 ||| Stepping randomly (stuck).
  1618 | D:3      | 1618 ||| Stepping randomly (stuck).
  1619 | D:3      | 1619 ||| Stepping randomly (stuck).
  1620 | D:3      | 1620 ||| Stepping randomly (stuck).
  1621 | D:3      | 1621 ||| Stepping randomly (stuck).
  1622 | D:3      | 1622 ||| Stepping randomly (stuck).
  1623 | D:3      | 1623 ||| Stepping randomly (stuck).
  1624 | D:3      | 1624 ||| Stepping randomly (stuck).
  1625 | D:3      | 1625 ||| Stepping randomly (stuck).
  1635 | D:3      | 1635 ||| FLEEEEING.
  1636 | D:3      | 1636 ||| FLEEEEING.
  1638 | D:3      | 1638 ||| STAIRDANCE
  1688 | D:2      | 1688 ||| Stepping ~*~*~tactically~*~*~ (hiding).
  1690 | D:2      | 1690 ||| Stepping ~*~*~tactically~*~*~ (hiding).
  1759 | D:2      | Identified the +6 chain mail "Kaamik" {Dex+3}
  2085 | D:2      | 2085 ||| UPGRADING to +6 chain mail "Kaamik" {Dex+3}.
  2095 | D:2      | 2095 ||| DROPPING +0 scale mail.
  2096 | D:2      | 2096 ||| READING 5 scrolls of identify.
  2096 | D:2      | 2096 ||| IDENTIFYING metallic dark potion
  2097 | D:2      | 2097 ||| DRINKING potion of experience.
  2097 | D:2      | Reached skill level 12 in Axes
  2097 | D:2      | Reached XP level 6. HP: 37/37 MP: 6/6
  2098 | D:2      | 2098 ||| READING 4 scrolls of identify.
  2098 | D:2      | 2098 ||| IDENTIFYING coppery potion
  2099 | D:2      | 2099 ||| READING 3 scrolls of identify.
  2099 | D:2      | 2099 ||| IDENTIFYING dark potion
  2100 | D:2      | 2100 ||| DROPPING potion of flight.
  2585 | D:3      | 2585 ||| Stepping ~*~*~tactically~*~*~ (hiding).
  2586 | D:3      | 2586 ||| Stepping ~*~*~tactically~*~*~ (hiding).
  2595 | D:3      | 2595 ||| FLEEEEING.
  2947 | D:3      | Reached skill level 1 in Dodging
  3065 | D:3      | 3065 ||| UPGRADING to +6 ring of strength.
  3066 | D:3      | 3066 ||| READING scroll labelled TYNEONNACE.
  3067 | D:3      | 3067 ||| READING scroll labelled QIAWUG DAUTUPT.
  3068 | D:3      | 3068 ||| READING 3 scrolls labelled UCWOCZIPHE.
  3169 | D:3      | 3169 ||| DRINKING 2 sedimented purple potions.
  3169 | D:3      | Gained mutation: You are strong-willed. (Will+) [potion of
                  | mutation]
  3169 | D:3      | Gained mutation: You possess an exceptional clarity of
                  | mind. [potion of mutation]
  3169 | D:3      | Gained mutation: You passively dampen the noise of your
                  | surroundings. [potion of mutation]
  3169 | D:3      | Gained mutation: You expend magic power (3 MP) to
                  | strengthen your wands. [potion of mutation]
  3170 | D:3      | 3170 ||| READING 2 scrolls of identify.
  3170 | D:3      | 3170 ||| IDENTIFYING purple potion
  3171 | D:3      | 3171 ||| DROPPING 2 scrolls of silence.
  3208 | D:3      | Killed Grinder
  3209 | D:3      | Reached XP level 7. HP: 44/44 MP: 7/7
  3726 | D:4      | Found a white marble altar of Elyvilon.
  3730 | D:4      | 3730 ||| Stepping ~*~*~tactically~*~*~ (stealth).
  3735 | D:4      | 3735 ||| Stepping ~*~*~tactically~*~*~ (stealth).
  3741 | D:4      | Reached skill level 1 in Throwing
  3805 | D:4      | Identified the +3 war axe of Bespelling Woe {flame, Will+}
  3807 | D:4      | 3807 ||| SWAPPING to +3 war axe of Bespelling Woe {flame,
                  | Will+}.
  3808 | D:4      | 3808 ||| DROPPING +1 war axe of flaming.
  3881 | D:4      | Found a runed translucent door.
  3882 | D:4      | Noticed Crazy Yiuf
  3994 | D:4      | Reached XP level 8. HP: 50/50 MP: 8/8
  4262 | D:4      | 4262 ||| UPGRADING to +0 helmet.
  4267 | D:4      | 4267 ||| READING scroll of enchant armour.
  4267 | D:4      | 4267 ||| ENCHANTING +0 helmet.
  4268 | D:4      | 4268 ||| READING scroll labelled DUSMAITOKK.
  4269 | D:4      | 4269 ||| READING scroll labelled KAFINI SAWETOACRA.
  4295 | D:5      | Entered Level 5 of the Dungeon
  4308 | D:5      | Found the +7 Kryia's mail coat {PotionHeal*2 rC+}
  4335 | D:5      | 4335 ||| Stepping ~*~*~tactically~*~*~ (stealth).
  4336 | D:5      | 4336 ||| Stepping ~*~*~tactically~*~*~ (stealth).
  4337 | D:5      | 4337 ||| Stepping ~*~*~tactically~*~*~ (hiding).
  4338 | D:5      | 4338 ||| Stepping ~*~*~tactically~*~*~ (hiding).
  4344 | D:5      | Reached skill level 6 in Fighting
  4371 | D:5      | 4371 ||| READING scroll of enchant armour.
  4371 | D:5      | 4371 ||| ENCHANTING +1 helmet.
  4930 | D:5      | 4930 ||| READING scroll labelled NOCRE WOLEPUZ.
  4931 | D:5      | 4931 ||| READING scroll labelled NIECLABLOU.
  4997 | D:6      | Found an ancient bone altar of Kikubaaqudgha.
  5005 | D:6      | Found a staircase to the Ecumenical Temple.
  5006 | D:6      | 5006 ||| PLANNING TEMPLE
  5028 | Temple   | Entered the Ecumenical Temple
  5120 | Temple   | 5120 ||| PLANNING D:1-11
  5417 | D:6      | Noticed Pikel
  5438 | D:6      | Killed Pikel
  5439 | D:6      | Reached XP level 9. HP: 55/56 MP: 9/9
  5466 | D:6      | Found a runed translucent door.
  5466 | D:6      | Noticed qw's ghost (novice GrFi)
  5629 | D:6      | Found Biekurha's Antique Armour Shop.
  5819 | D:6      | Noticed Eustachio
  5821 | D:6      | 5821 ||| Stepping ~*~*~tactically~*~*~ (stealth).
  5837 | D:6      | 5837 ||| FLEEEEING.
  5838 | D:6      | Killed Eustachio
  6146 | D:6      | 6146 ||| UPGRADING to +0 kite shield.
  6156 | D:6      | 6156 ||| DROPPING +0 buckler.
  6157 | D:6      | 6157 ||| READING scroll labelled TOINYO COXKU.
  6158 | D:6      | 6158 ||| READING 4 scrolls of identify.
  6158 | D:6      | 6158 ||| IDENTIFYING white potion
  6159 | D:6      | 6159 ||| READING 3 scrolls of identify.
  6159 | D:6      | 6159 ||| IDENTIFYING murky blue potion
  6160 | D:6      | 6160 ||| READING 2 scrolls of identify.
  6160 | D:6      | 6160 ||| IDENTIFYING murky coppery potion
  6161 | D:6      | 6161 ||| DROPPING potion of degeneration.
  6219 | D:7      | 6219 ||| Stepping ~*~*~tactically~*~*~ (stealth).
  6455 | D:7      | 6455 ||| Stepping ~*~*~tactically~*~*~ (hiding).
  6773 | D:7      | Noticed a moth of wrath
  6774 | D:7      | 6774 ||| READING scroll labelled YRITAD DOGIO.
  6967 | D:7      | Reached skill level 6 in Shields
  7104 | D:7      | 7104 ||| READING scroll labelled ZIWOUS SYCS.
  7105 | D:7      | 7105 ||| READING 2 scrolls of identify.
  7105 | D:7      | 7105 ||| IDENTIFYING yellow potion
  7133 | D:8      | Reached XP level 10. HP: 64/64 MP: 10/10
  7243 | D:8      | Found Beuloc's Weapon Shoppe.
  7252 | D:8      | 7252 ||| BUYING +0 broad axe (56 gold).
  7252 | D:8      | Bought a +0 broad axe for 56 gold pieces
  7252 | D:8      | 7252 ||| SWAPPING to +0 broad axe.
  7253 | D:8      | 7253 ||| READING 2 scrolls of enchant weapon.
  7253 | D:8      | 7253 ||| ENCHANTING +0 broad axe.
  7254 | D:8      | 7254 ||| READING scroll of enchant weapon.
  7254 | D:8      | 7254 ||| ENCHANTING +1 broad axe.
  7261 | D:8      | 7261 ||| Stepping ~*~*~tactically~*~*~ (hiding).
  7297 | D:8      | 7297 ||| Stepping ~*~*~tactically~*~*~ (hiding).
  7384 | D:8      | Noticed a two-headed ogre
  7390 | D:8      | Killed a two-headed ogre
  7588 | D:8      | Noticed Maggie
  7597 | D:8      | Killed Maggie
  7823 | D:9      | 7823 ||| Stepping ~*~*~tactically~*~*~ (stealth).
  7826 | D:9      | 7826 ||| Stepping ~*~*~tactically~*~*~ (hiding).
  7841 | D:9      | 7841 ||| FLEEEEING.
  7842 | D:9      | 7842 ||| FLEEEEING.
  7843 | D:9      | 7843 ||| FLEEEEING.
  7844 | D:9      | 7844 ||| FLEEEEING.
  7845 | D:9      | 7845 ||| FLEEEEING.
  7848 | D:9      | 7848 ||| STAIRDANCE
  7919 | D:9      | 7919 ||| Stepping ~*~*~tactically~*~*~ (hiding).
  7927 | D:9      | Reached skill level 9 in Shields
  7973 | D:9      | 7973 ||| Stepping ~*~*~tactically~*~*~ (stealth).
  8121 | D:9      | Found a white marble altar of Elyvilon.
  8366 | D:9      | Found a radiant altar of Vehumet.
  8375 | D:9      | Found an iron altar of Okawaru.
  8376 | D:9      | 8376 ||| PLANNING OKAWARU WORSHIP
  8376 | D:9      | 8376 ||| UPGRADING to +0 pair of boots.
  8381 | D:9      | 8381 ||| READING 2 scrolls of enchant armour.
  8381 | D:9      | 8381 ||| ENCHANTING +0 pair of boots.
  8382 | D:9      | 8382 ||| READING scroll of enchant armour.
  8382 | D:9      | 8382 ||| ENCHANTING +1 pair of boots.
  8383 | D:9      | 8383 ||| UPGRADING to ring of willpower.
  8387 | D:9      | Became a worshipper of Warmaster Okawaru
  8387 | D:9      | 8387 ||| PLANNING D:1-11
  8507 | D:10     | Entered Level 10 of the Dungeon
  8529 | D:10     | Found a blossoming altar of Fedhas.
  8723 | D:10     | Noticed a two-headed ogre
  8724 | D:10     | 8724 ||| Stepping ~*~*~tactically~*~*~ (stealth).
  8725 | D:10     | 8725 ||| Stepping ~*~*~tactically~*~*~ (stealth).
  8733 | D:10     | Killed a two-headed ogre
  8733 | D:10     | Reached * piety under Okawaru
  8734 | D:10     | Reached XP level 11. HP: 58/68 MP: 11/11
  8772 | D:10     | Found a glowing golden altar of the Shining One.
  8807 | D:10     | 8807 ||| Stepping randomly (disturbance).
  8808 | D:10     | 8808 ||| Stepping randomly (disturbance).
  8831 | D:10     | Reached skill level 6 in Armour
  8831 | D:10     | Reached skill level 1 in Invocations
  8923 | D:10     | 8923 ||| Stepping ~*~*~tactically~*~*~ (hiding).
  8924 | D:10     | 8924 ||| Stepping ~*~*~tactically~*~*~ (hiding).
  8930 | D:10     | 8930 ||| INVOKING Heroism.
  8986 | D:10     | Found a staircase to the Lair.
  8993 | D:10     | 8993 ||| INVOKING Heroism.
  9032 | D:10     | 9032 ||| Stepping ~*~*~tactically~*~*~ (hiding).
  9033 | D:10     | 9033 ||| Stepping ~*~*~tactically~*~*~ (hiding).
  9053 | D:10     | Reached skill level 3 in Invocations
  9573 | D:10     | 9573 ||| UPGRADING to +0 pair of gloves.
  9633 | D:11     | Reached ** piety under Okawaru
  9664 | D:11     | Found a staircase to the Orcish Mines.
  9665 | D:11     | 9665 ||| FLEEEEING.
  9666 | D:11     | 9666 ||| FLEEEEING.
  9667 | D:11     | 9667 ||| FLEEEEING.
  9668 | D:11     | 9668 ||| FLEEEEING.
  9669 | D:11     | 9669 ||| STAIRDANCE
  9769 | D:11     | 9769 ||| Stepping ~*~*~tactically~*~*~ (hiding).
  9770 | D:11     | 9770 ||| Stepping ~*~*~tactically~*~*~ (hiding).
  9795 | D:11     | 9795 ||| Stepping ~*~*~tactically~*~*~ (stealth).
  9803 | D:11     | 9803 ||| INVOKING Heroism.
  9893 | D:11     | 9893 ||| INVOKING Heroism.
 10029 | D:11     | Reached skill level 9 in Fighting
 10172 | D:11     | Noticed a manticore
 10173 | D:11     | 10173 ||| INVOKING Heroism.
 10178 | D:11     | Killed a manticore
 10206 | D:11     | 10206 ||| INVOKING Heroism.
 10225 | D:10     | 10225 ||| PLANNING LAIR
 10262 | Lair:1   | Entered Level 1 of the Lair of Beasts
 10295 | Lair:1   | 10295 ||| INVOKING Heroism.
 10376 | Lair:1   | Reached skill level 3 in Dodging
 10445 | Lair:1   | 10445 ||| Stepping ~*~*~tactically~*~*~ (hiding).
 10595 | Lair:1   | Reached *** piety under Okawaru
 10597 | Lair:1   | 10597 ||| Stepping ~*~*~tactically~*~*~ (hiding).
 10601 | Lair:1   | 10601 ||| Stepping ~*~*~tactically~*~*~ (hiding).
 10736 | Lair:1   | 10736 ||| INVOKING Heroism.
 10861 | Lair:1   | 10861 ||| INVOKING Heroism.
 10974 | Lair:1   | 10974 ||| INVOKING Heroism.
 10981 | Lair:1   | Reached XP level 12. HP: 77/77 MP: 13/15
 11232 | Lair:1   | 11232 ||| UPGRADING to ring of protection from cold.
 11234 | Lair:1   | 11234 ||| DRINKING 2 murky yellow potions.
 11261 | Lair:2   | 11261 ||| Stepping ~*~*~tactically~*~*~ (stealth).
 11300 | Lair:2   | Found a staircase to the Shoals.
 11313 | Lair:2   | Noticed a four-headed hydra
 11314 | Lair:2   | 11314 ||| INVOKING Heroism.
 11319 | Lair:2   | 11319 ||| SWAPPING to +3 war axe of Bespelling Woe {flame,
                  | Will+}.
 11325 | Lair:2   | Killed a one-headed hydra
 11326 | Lair:2   | 11326 ||| SWAPPING to +2 broad axe.
 11413 | Lair:2   | 11413 ||| INVOKING Heroism.
 11435 | Lair:2   | 11435 ||| Stepping ~*~*~tactically~*~*~ (stealth).
 11452 | Lair:2   | 11452 ||| Stepping ~*~*~tactically~*~*~ (stealth).
 11551 | Lair:2   | 11551 ||| Stepping ~*~*~tactically~*~*~ (stealth).
 11553 | Lair:2   | 11553 ||| INVOKING Heroism.
 11584 | Lair:2   | Found an ornate altar of the Wu Jian Council.
 11640 | Lair:2   | 11640 ||| Stepping ~*~*~tactically~*~*~ (stealth).
 11716 | Lair:2   | Noticed a seven-headed hydra
 11717 | Lair:2   | 11717 ||| INVOKING Heroism.
 11722 | Lair:2   | 11722 ||| SWAPPING to +3 war axe of Bespelling Woe {flame,
                  | Will+}.
 11727 | Lair:2   | Killed a two-headed hydra
 11728 | Lair:2   | 11728 ||| SWAPPING to +2 broad axe.
 11772 | Lair:2   | Reached skill level 13 in Axes
 11815 | Lair:2   | Found a hole to the Spider Nest.
 11985 | Lair:2   | You fall into a shaft and drop 2 floors!
 11990 | Lair:4   | 11990 ||| INVOKING Heroism.
 12012 | Lair:4   | Identified the +7 rapier "Opiacueh" {holy, rPois rF+ rC-
                  | Str+2}
 12015 | Lair:4   | 12015 ||| Stepping ~*~*~tactically~*~*~ (stealth).
 12026 | Lair:4   | Reached **** piety under Okawaru
 12051 | Lair:4   | 12051 ||| Stepping ~*~*~tactically~*~*~ (stealth).
 12063 | Lair:4   | Received a gift from Okawaru
 12103 | Lair:3   | Noticed a death yak
 12104 | Lair:3   | 12104 ||| INVOKING Heroism.
 12108 | Lair:3   | Noticed a death yak
 12118 | Lair:3   | Killed a death yak
 12118 | Lair:3   | Received a gift from Okawaru
 12123 | Lair:3   | Killed a death yak
 12124 | Lair:3   | Reached skill level 3 in Throwing
 12130 | Lair:3   | 12130 ||| INVOKING Heroism.
 12132 | Lair:3   | Noticed a death yak
 12133 | Lair:3   | Noticed a death yak
 12140 | Lair:3   | Noticed a death yak
 12144 | Lair:3   | Noticed a death yak
 12147 | Lair:3   | Killed a death yak
 12154 | Lair:3   | Killed a death yak
 12155 | Lair:3   | Reached skill level 6 in Invocations
 12157 | Lair:3   | Killed a death yak
 12157 | Lair:3   | Reached ***** piety under Okawaru
 12158 | Lair:3   | 12158 ||| INVOKING Finesse.
 12161 | Lair:3   | 12161 ||| INVOKING Heroism.
 12164 | Lair:3   | Killed a death yak
 12165 | Lair:3   | Reached XP level 13. HP: 25/82 MP: 9/17
 12181 | Lair:3   | 12181 ||| Stepping ~*~*~tactically~*~*~ (stealth).
 12182 | Lair:3   | 12182 ||| Stepping ~*~*~tactically~*~*~ (stealth).
 12214 | Lair:3   | 12214 ||| Stepping ~*~*~tactically~*~*~ (stealth).
 12315 | Lair:3   | 12315 ||| Stepping ~*~*~tactically~*~*~ (stealth).
 12317 | Lair:3   | 12317 ||| Stepping ~*~*~tactically~*~*~ (stealth).
 12318 | Lair:3   | 12318 ||| INVOKING Heroism.
 12412 | Lair:3   | 12412 ||| INVOKING Heroism.
 12526 | Lair:2   | 12526 ||| Stepping ~*~*~tactically~*~*~ (stealth).
 12529 | Lair:2   | 12529 ||| INVOKING Heroism.
 12533 | Lair:2   | 12533 ||| SWAPPING to +3 war axe of Bespelling Woe {flame,
                  | Will+}.
 12542 | Lair:2   | 12542 ||| SWAPPING to +2 broad axe.
 12619 | Lair:2   | 12619 ||| INVOKING Heroism.
 12683 | Lair:2   | 12683 ||| INVOKING Heroism.
 12707 | Lair:2   | 12707 ||| Stepping ~*~*~tactically~*~*~ (stealth).
 13198 | Lair:3   | 13198 ||| INVOKING Heroism.
 13253 | Lair:3   | 13253 ||| INVOKING Heroism.
 13283 | Lair:3   | 13283 ||| Stepping ~*~*~tactically~*~*~ (stealth).
 13296 | Lair:3   | Received a gift from Okawaru
 13297 | Lair:3   | Reached skill level 14 in Axes
 13316 | Lair:3   | 13316 ||| INVOKING Heroism.
 13387 | Lair:3   | 13387 ||| Stepping ~*~*~tactically~*~*~ (hiding).
 13389 | Lair:3   | 13389 ||| INVOKING Heroism.
 13540 | Lair:3   | 13540 ||| READING scroll labelled ORORRI CICWAH.
 13543 | Lair:3   | 13543 ||| READING scroll labelled YGAEXKIXZO.
 13906 | Lair:4   | 13906 ||| INVOKING Heroism.
 13928 | Lair:4   | Reached skill level 9 in Invocations
 13934 | Lair:4   | 13934 ||| FLEEEEING.
 13935 | Lair:4   | 13935 ||| FLEEEEING.
 13936 | Lair:4   | 13936 ||| FLEEEEING.
 13937 | Lair:4   | 13937 ||| FLEEEEING.
 13938 | Lair:4   | 13938 ||| FLEEEEING.
 13939 | Lair:4   | 13939 ||| FLEEEEING.
 13940 | Lair:4   | 13940 ||| FLEEEEING.
 13941 | Lair:4   | 13941 ||| FLEEEEING.
 13942 | Lair:4   | 13942 ||| FLEEEEING.
 14140 | Lair:4   | 14140 ||| READING scroll of enchant weapon.
 14140 | Lair:4   | 14140 ||| ENCHANTING +2 broad axe.
 14472 | Lair:4   | 14472 ||| DROPPING amulet of guardian spirit.
 14490 | Lair:5   | Entered Level 5 of the Lair of Beasts
 14491 | Lair:5   | 14491 ||| INVOKING Heroism.
 14543 | Lair:5   | 14543 ||| Stepping ~*~*~tactically~*~*~ (stealth).
 14590 | Lair:5   | 14590 ||| INVOKING Heroism.
 14591 | Lair:5   | 14591 ||| INVOKING Finesse.
 14595 | Lair:5   | 14595 ||| SWAPPING to +3 war axe of Bespelling Woe {flame,
                  | Will+}.
 14599 | Lair:5   | 14599 ||| SWAPPING to +3 broad axe.
 14669 | Lair:5   | 14669 ||| INVOKING Heroism.
 14752 | Lair:5   | 14752 ||| INVOKING Heroism.
 14788 | Lair:5   | 14788 ||| Stepping ~*~*~tactically~*~*~ (stealth).
 14792 | Lair:5   | 14792 ||| Stepping ~*~*~tactically~*~*~ (stealth).
 14830 | Lair:5   | 14830 ||| INVOKING Heroism.
 14856 | Lair:5   | 14856 ||| Stepping ~*~*~tactically~*~*~ (stealth).
 14863 | Lair:5   | 14863 ||| Stepping ~*~*~tactically~*~*~ (stealth).
 14881 | Lair:5   | 14881 ||| Stepping ~*~*~tactically~*~*~ (stealth).
 14883 | Lair:5   | 14883 ||| Stepping ~*~*~tactically~*~*~ (stealth).
 14893 | Lair:5   | 14893 ||| Stepping ~*~*~tactically~*~*~ (stealth).
 14894 | Lair:5   | 14894 ||| Stepping ~*~*~tactically~*~*~ (stealth).
 14963 | Lair:5   | 14963 ||| Stepping ~*~*~tactically~*~*~ (stealth).
 14967 | Lair:5   | 14967 ||| Stepping ~*~*~tactically~*~*~ (stealth).
 14999 | Lair:5   | 14999 ||| READING scroll of enchant armour.
 14999 | Lair:5   | 14999 ||| ENCHANTING +0 pair of gloves.
 15104 | Lair:5   | 15104 ||| INVOKING Heroism.
 15106 | Lair:5   | Found a staircase to the Slime Pits.
 15115 | Lair:5   | Gained mutation: Your large and strong wings let you fly.
                  | [Gargoyle growth]
 15115 | Lair:5   | Reached XP level 14. HP: 67/90 MP: 19/21
 15304 | Lair:5   | 15304 ||| Stepping ~*~*~tactically~*~*~ (hiding).
 15346 | Lair:5   | 15346 ||| INVOKING Heroism.
 15350 | Lair:5   | Reached skill level 9 in Armour
 15351 | Lair:5   | HP: 22/90 [molten gargoyle/bolt of magma (14)]
 15352 | Lair:5   | 15352 ||| READING 6 scrolls of teleportation.
 15353 | Lair:5   | 15353 ||| DRINKING 3 potions of heal wounds.
 15530 | Lair:5   | 15530 ||| Stepping ~*~*~tactically~*~*~ (hiding).
 15643 | Lair:5   | 15643 ||| Stepping ~*~*~tactically~*~*~ (stealth).
 15729 | Lair:5   | Identified the +10 hand axe of the Soothsayer {freeze, rC-
                  | Dex+9} (Okawaru gifted it to you on level 5 of the Lair of
                  | Beasts)
 15729 | Lair:5   | Received a gift from Okawaru
 15746 | Lair:5   | 15746 ||| Stepping ~*~*~tactically~*~*~ (stealth).
 15749 | Lair:5   | Reached skill level 12 in Shields
 15749 | Lair:5   | 15749 ||| Stepping ~*~*~tactically~*~*~ (stealth).
 15751 | Lair:5   | Found a large runed translucent door.
 15751 | Lair:5   | Found a large runed translucent door.
 15753 | Lair:5   | 15753 ||| INVOKING Heroism.
 15764 | Lair:5   | HP: 14/90 [steam dragon/ball of steam (15)]
 15765 | Lair:5   | 15765 ||| READING 5 scrolls of teleportation.
 15766 | Lair:5   | 15766 ||| DRINKING 2 potions of heal wounds.
 15994 | Lair:5   | 15994 ||| Stepping ~*~*~tactically~*~*~ (stealth).
 16002 | Lair:5   | 16002 ||| INVOKING Heroism.
 16084 | Lair:5   | 16084 ||| Stepping ~*~*~tactically~*~*~ (stealth).
 16085 | Lair:5   | 16085 ||| Stepping ~*~*~tactically~*~*~ (stealth).
 16086 | Lair:5   | 16086 ||| Stepping ~*~*~tactically~*~*~ (stealth).
 16101 | Lair:5   | 16101 ||| INVOKING Heroism.
 16118 | Lair:5   | 16118 ||| Stepping ~*~*~tactically~*~*~ (stealth).
 16126 | Lair:5   | 16126 ||| Stepping ~*~*~tactically~*~*~ (stealth).
 16127 | Lair:5   | 16127 ||| Stepping ~*~*~tactically~*~*~ (stealth).
 16132 | Lair:5   | 16132 ||| Stepping ~*~*~tactically~*~*~ (stealth).
 16160 | Lair:5   | 16160 ||| INVOKING Heroism.
 16463 | Lair:5   | 16463 ||| PLANNING D:1-11
 16463 | Lair:5   | 16463 ||| DROPPING +6 ring of intelligence.
 16622 | D:11     | 16622 ||| INVOKING Heroism.
 16650 | D:11     | 16650 ||| Stepping ~*~*~tactically~*~*~ (hiding).
 16655 | D:11     | 16655 ||| INVOKING Heroism.
 16689 | D:11     | 16689 ||| INVOKING Heroism.
 16805 | D:11     | 16805 ||| INVOKING Heroism.
 16899 | D:11     | 16899 ||| Stepping ~*~*~tactically~*~*~ (hiding).
 17276 | D:11     | 17276 ||| Stepping ~*~*~tactically~*~*~ (stealth).
 17310 | D:11     | Found an opulent altar of Gozag.
 17311 | D:11     | Found a radiant altar of Vehumet.
 17312 | D:11     | Found a glowing golden altar of the Shining One.
 17312 | D:11     | Found a shimmering blue altar of Sif Muna.
 17413 | D:11     | 17413 ||| PLANNING D
 17448 | D:12     | 17448 ||| INVOKING Heroism.
 17684 | D:12     | Reached skill level 15 in Axes
 18253 | D:12     | 18253 ||| DRINKING 2 lumpy amethyst potions.
 18303 | D:13     | 18303 ||| STAIRDANCE
 18398 | D:13     | 18398 ||| Stepping randomly (disturbance).
 18399 | D:13     | 18399 ||| Stepping randomly (disturbance).
 18404 | D:13     | Noticed Rupert
 18405 | D:13     | 18405 ||| INVOKING Heroism.
 18407 | D:13     | Noticed Jorgrun
 18415 | D:13     | HP: 16/90 [Rupert/+0 heavy battleaxe (10)]
 18416 | D:13     | 18416 ||| READING 5 scrolls of teleportation.
 18416 | D:13     | Slain by Jorgrun

Levels and vault maps discovered:
D:1:      dpeg_arrival_caged_fury, layout_basic,
          hellmonk_ecumenical_altar_crossroads, nicolae_kite_square_tiling_tiny,
          st_stairs_11
D:2:      layout_basic, uniq_jessica
D:3:      layout_basic, evilmike_ruin_ashenzari, minmay_statues_item,
          minmay_misc_feat_hallway, fountainhead, corexii_hall_statues_i,
          uniq_grinder
D:4:      layout_basic, minmay_ruined_shrine, uniq_crazy_yiuf_cottage
D:5:      layout_rooms, serial_corexii_hall, corexii_hall_statues_x,
          chequers_hall_statues_y, chequers_hall_statues_wall_a
D:6:      layout_loops_corners, tgw_kikubaaqudgha,
          minmay_temple_entry_purple_smoke, hellmonk_ghost_happy_afterlife,
          serial_shops, shop, kennysheep_generic_room_3, uniq_pikel,
          uniq_eustachio
D:7:      layout_gridville, tgw_trog
D:8:      layout_loops_cross, serial_shops, shop, uniq_maggie
D:9:      layout_big_octagon, amethyst_overflow_temple_binary, elyvilon_altar_3,
          grunt_ministairs_12
D:10:     layout_small_grid, nicolae_overflow_hidden_temple,
          nicolae_overflow_crystal_walls, erik_lair_orcish_takeover,
          serial_glass, glass_columns_b, glass_columns_c
D:11:     minmay_the_grid_octo_tiled_octocenter [minmay_the_grid_octo_shrine,
          minmay_the_grid_octo_chip, minmay_the_grid_octo_toaster,
          minmay_the_grid_octo_tetromino_candy,
          minmay_the_grid_octo_prize_big_c, minmay_the_grid_square_5x5_empty,
          minmay_the_grid_square_5x5_inner_z,
          minmay_the_grid_square_5x5_hourglass,
          minmay_the_grid_square_5x5_trominoes], layout_loops_ring, david_orc_3
D:12:     layout_long_grid
D:13:     gammafunk_worm_tunnel, layout_rooms, david_vaults_2,
          nicolae_wooded_promenade, uniq_frances, uniq_jorgrun, uniq_kirke,
          uniq_rupert
Temple:   compressed_dpeg_circular_temple
Lair:1:   statuecave_lemuel, layout_gridlike
Lair:2:   layout_long_grid, shoals_dummy_entry, dummy_spider_entry, basic_altar,
          pdpol_lair_cavern_descent, serial_bayou_shore_a
Lair:3:   layout_roguey, nicolae_lair_liquid_snakes, grunt_megastairs_4,
          lemuel_fruit_fields, infiniplex_staircase_pool, lemuel_fruit_tree
Lair:4:   layout_gridlike
Lair:5:   cheibrodos_lair_end_hotspot, layout_misc_corridors,
          minmay_slime_entry_oklob_enclosed, minmay_lair_drake_nest

Skill      XL: |  1  2  3  4  5  6  7  8  9 10 11 12 13 14 |
---------------+-------------------------------------------+-----
Axes           | 2 3 4 12 13 14 15 | 15.0
Dodging        | 1 2 3 |  3.0
Fighting       | 4 5 6 7 8 9 10 11 | 11.3
Throwing       | 1 3 5 |  5.0
Armour         | 4 5 7 8 9 |  9.0
Shields        | 4 6 9 10 11 12 | 12.0
Invocations    | 4 6 10 | 10.1

Action                     |  1- 3 |  4- 6 |  7- 9 | 10-12 | 13-15 || total
---------------------------+-------+-------+-------+-------+-------++-------
  Melee: War axe           |   101 |   136 |   225 |    12 |    11 ||   485
         Broad axe         |       |       |       |   528 |   536 ||  1064
  Throw: Boomerang         |       |     4 |    45 |    24 |       ||    73
         Javelin           |       |       |       |     2 |    36 ||    38
 Invoke: Heroism           |       |       |       |    18 |    27 ||    45
         Finesse           |       |       |       |     1 |     1 ||     2
    Use: Scroll            |     2 |     9 |    13 |     4 |     7 ||    35
         Potion            |       |     2 |       |     1 |     3 ||     6
   Stab: Distracted        |       |       |       |       |     1 ||     1
 Armour: Scale mail        |    58 |    60 |       |       |       ||   118
         Chain mail        |       |    17 |    83 |   300 |   304 ||   704
  Dodge: Dodged            |    52 |    52 |    48 |   172 |   167 ||   491
  Block: Buckler           |    27 |    23 |    21 |       |       ||    71
         Kite shield       |       |       |    18 |   261 |   298 ||   577

Table legend:
 A = Non-vault XP
 B = Vault XP
 C = Vault XP percentage of total XP
 D = Non-vault monster count
 E = Vault monster count
 F = Vault count percentage of total count
                 A         B        C        D         E       F
            +---------+---------+-------+---------+---------+-------
      Total |   52775 |   20651 |  28.1 |     326 |      93 |  22.2
            +---------+---------+-------+---------+---------+-------
        D:1 |      54 |       5 |   8.5 |      23 |       3 |  11.5
        D:2 |      58 |      37 |  38.9 |      20 |       1 |   4.8
        D:3 |     149 |     272 |  64.6 |      22 |       1 |   4.3
        D:4 |     294 |     206 |  41.2 |      19 |       6 |  24.0
        D:5 |     686 |       0 |   0.0 |      19 |       0 |   0.0
        D:6 |     638 |     985 |  60.7 |       9 |       3 |  25.0
        D:7 |    1056 |       0 |   0.0 |      29 |       0 |   0.0
        D:8 |    1476 |     398 |  21.2 |       7 |       1 |  12.5
        D:9 |    1151 |     232 |  16.8 |      17 |       4 |  19.0
       D:10 |    3916 |     604 |  13.4 |      20 |       9 |  31.0
       D:11 |    4023 |    4658 |  53.7 |      18 |      16 |  47.1
       D:12 |    4946 |       0 |   0.0 |      19 |       0 |   0.0
       D:13 |    1235 |       0 |   0.0 |       7 |       0 |   0.0
     Lair:1 |    3635 |       0 |   0.0 |      16 |       0 |   0.0
     Lair:2 |    6991 |    2153 |  23.5 |      23 |       6 |  20.7
     Lair:3 |   12022 |    2359 |  16.4 |      29 |      10 |  25.6
     Lair:4 |    3465 |       0 |   0.0 |      15 |       0 |   0.0
     Lair:5 |    6980 |    8742 |  55.6 |      14 |      33 |  70.2
            +---------+---------+-------+---------+---------+-------
